 Dungeon Crawl Stone Soup version 0.31-a0-300-g4ac5daa9c1 (webtiles) character file.

Game seed: 17660733197232961542

121 mopl the Changeling (level 5, -2/35 HPs)
             Began as an Octopode Shapeshifter on July 16, 2023.
             Slain by a gnoll
             ... wielding a +0 flail
              (11 damage)
             ... on level 4 of the Dungeon.
             The game lasted 00:01:59 (2048 turns).

mopl the Changeling (Octopode Shapeshifter)         Turns: 2048, Time: 00:01:59

Health: -2/35      AC:  1    Str: 15    XL:     5   Next: 5%
Magic:  5/5        EV: 13    Int: 10    God:
Gold:   118        SH:  0    Dex: 14    Spells: 4/4 levels left

rFire   . .          .
                       - Unarmed
rCold   . . .        (no shield)
rNeg    . . .        (helmet currently unavailable)
rPois   .            (no amulet)
rElec   .            l - ring of willpower
rCorr   .            (no ring)
SInv    .            (no ring)
Will    +....        (no ring)
Stlth   ++           (no ring)
HPRegen 0.25/turn    (no ring)
MPRegen 0.09/turn    (no ring)
                     (no ring)

%: no passive effects
@: beast-form
A: beast (slay +2), almost no armour, amphibious, 8 rings, camouflage 1,
gelatinous body 1, (nimble swimmer 1), tentacles
a: Begin Untransformation


You were on level 4 of the Dungeon.
You were a hulking beast.
You visited 1 branch of the dungeon, and saw 4 of its levels.

You collected 118 gold pieces.

Inventory:

Missiles
 h - 4 poisoned darts (quivered)
Jewellery
 l - a ring of willpower (left tentacle)
Talismans
 b - a beast talisman
Scrolls
 c - 2 scrolls of amnesia {unknown}
 d - a scroll of blinking {unknown}
 e - a scroll of silence {unknown}
 f - 2 scrolls of teleportation {unknown}
 j - a scroll of poison {unknown}
 k - a scroll of fear {unknown}
 o - 6 scrolls of identify {unknown}
 p - a scroll of enchant weapon {unknown}
 r - 2 scrolls of immolation {unknown}
Potions
 a - a potion of lignification {!q}
 g - a potion of attraction {unknown}
 i - a potion of cancellation {unknown}
 m - 2 potions of magic {unknown}
 n - a potion of brilliance {unknown}
 q - a potion of resistance {unknown}
 s - 2 potions of heal wounds {unknown}


   Skills:
 + Level 2.7 Fighting
 + Level 2.6 Dodging
 * Level 3.2 Unarmed Combat
 * Level 3.8 Shapeshifting


You had 4 spell levels left.
You didn't know any spells.
Your spell library contained the following spells:

 Spells                   Type           Power      Damage    Failure   Level
 Call Canine Familiar     Summ           0%         N/A       75%         3
 Portal Projectile        Hex/Tloc       0%         N/A       75%         3
 Leda's Liquefaction      Hex/Erth       0%         N/A       98%         4


Dungeon Overview and Level Annotations

Branches:
Dungeon (4/15)
 Temple: D:4-7

Altars:
Cheibriados
Elyvilon
Ru


Innate Abilities, Weirdness & Mutations

You are a hulking beast.
Your limbs bulge with bestial killing power. (Slay +2)
You cannot wear most types of armour.
You are amphibious.
You can wear up to eight rings at the same time.
Your skin changes colour to match your surroundings (Stealth+).
Your rubbery body absorbs attacks. (AC +1, EV +1)
((You are camouflaged when in or above water. (Stealth+)))
You have tentacles for arms and can constrict up to eight enemies at once.


Message History

The gnoll is almost dead.
You constrict the gnoll, but do no damage.
The gnoll hits you with a +0 flail.
You tentacle-slap the gnoll.
You kill the gnoll!
No target in view!
You start resting.
A gnoll comes into view. It is wielding a +0 club.
Things that are here:
a +0 flail; a gnoll corpse The gnoll shouts!
You tentacle-slap the gnoll. You grab the gnoll. You squeeze the gnoll.
The gnoll is almost dead.
You constrict the gnoll.
You kill the gnoll!
You have reached level 5!
You feel stronger.
Things that are here:
a +0 club; a gnoll corpse
Found a stone staircase leading up.
A gnoll comes into view. It is wielding a +0 flail.
The gnoll shouts!
You hear an angry hiss.
The gnoll hits you with a +0 flail!
You barely miss the gnoll. You grab the gnoll. Your squeeze misses the gnoll.
You constrict the gnoll. The gnoll hits you with a +0 flail!
You are too injured to fight recklessly!
You are too injured to fight recklessly!
You are too injured to fight recklessly!
You tentacle-slap the gnoll.
The gnoll is heavily wounded.
You constrict the gnoll. The gnoll hits you with a +0 flail.
* * * LOW HITPOINT WARNING * * *
An adder comes into view.
You tentacle-slap the gnoll.
The gnoll is severely wounded.
You constrict the gnoll. The gnoll closely misses you.
You barely miss the adder. You grab the adder. Your squeeze misses the adder.
You constrict the adder. You constrict the gnoll.
The gnoll hits you with a +0 flail!
You die...

#..# #..#
#..########
#.......).#
#.#######)#
#...<...#.#
#.....#.#.#
#.###.# #)#
#hS...# #.# #.#.#
#g#...# #.# #.#.#
###.###.#.####.#.#
#.......##.#.#
#.#.#.#.##.#.#
#.#.#.##.#.# #
#.#.##.#.#
..#.#..#.... #....
....##...###


You could see a gnoll and an adder.

Vanquished Creatures
  An orc wizard (D:3)
  An adder (D:3)
  3 gnolls (D:4)
  A worm (D:2)
  A dart slug (D:2)
  An orc (D:3)
  5 bats
  4 endoplasms
  3 giant cockroaches
  4 goblins
  3 hobgoblins
  2 jackals (D:2)
  3 kobolds
  4 quokkas
  3 ball pythons (D:1)
  2 frilled lizards (D:1)
  9 rats
50 creatures vanquished.

Notes
Turn   | Place    | Note
-------+----------+-------------------------------------------
     0 | D:1      | mopl the Octopode Shapeshifter began the quest for the Orb.
     0 | D:1      | Reached XP level 1. HP: 14/14 MP: 1/1
   215 | D:1      | Reached XP level 2. HP: 19/19 MP: 2/2
   370 | D:1      | You fall into a shaft and drop 1 floor!
   576 | D:1      | Reached XP level 3. HP: 20/24 MP: 3/3
   909 | D:2      | Found a snail-covered altar of Cheibriados.
  1215 | D:3      | Identified the +2 rapier of Kismet {holy, rElec}
  1504 | D:3      | Reached XP level 4. HP: 29/30 MP: 4/4
  1507 | D:3      | Found a white marble altar of Elyvilon.
  1620 | D:3      | Found a sacrificial altar of Ru.
  1634 | D:3      | Reached skill level 3 in Unarmed Combat
  2031 | D:4      | Reached XP level 5. HP: 28/35 MP: 5/5
  2048 | D:4      | Slain by a gnoll

Illustrated notes

Levels and vault maps discovered:
D:1:      lemuel_arrival_lava_pool, layout_loops_ring, corexii_hall_statues_l
D:2:      layout_rooms, basic_altar, amcnicky_mini_corridor_feature
D:3:      layout_basic, nicolae_ru_great_annihilating_truth, elyvilon_altar_5,
          nicolae_underground_beach
D:4:      minmay_opposing_rooms, layout_basic, uniq_edmund

Skill      XL: |  1  2  3  4 |
---------------+-------------+-----
Unarmed Combat | 3 |  3.2
Fighting       | |  2.7
Dodging        | |  2.6
Shapeshifting  | |  3.8

Action                     |  1- 3 |  4- 6 || total
---------------------------+-------+-------++-------
  Melee: Unarmed           |    62 |    26 ||    88
         Constrict         |    18 |    10 ||    28
         Tentacles         |    13 |     7 ||    20
   Stab: Sleeping          |    12 |     3 ||    15
 Armour: Skin              |     3 |     2 ||     5
  Dodge: Dodged            |    28 |     7 ||    35

Table legend: (Time is in decaauts)
 A = Elapsed time spent in this place.
 B = Non-inter-level travel time spent in this place.
 C = Inter-level travel time spent in this place.
 D = Time resting spent in this place.
 E = Time spent auto-exploring this place.
 F = Levels seen in this place.
 G = Mean time per level.
                   A        B        C        D        E       F      G
               +--------+--------+--------+--------+--------+-----+--------+
         Total |   2042 |   1989 |     53 |     92 |   1583 |   4 |  510.5 |
       Dungeon |   2042 |   1989 |     53 |     92 |   1583 |   4 |  510.5 |
               +--------+--------+--------+--------+--------+-----+--------+

Top non-repeatable levels by time:
     D:3: 728 daAuts
     D:1: 639 daAuts
     D:2: 490 daAuts
     D:4: 183 daAuts
